 Dungeon Crawl Stone Soup version 0.30-a0-772-g5528072125 (webtiles) character file.

Game seed: 1551451761215493184

9630 avis the Skirmisher (level 11, -7/92 HPs)
             Began as a Demigod Hunter on Feb 12, 2023.
             Mangled by a killer bee (13 damage)
             ... on level 9 of the Dungeon.
             The game lasted 00:56:39 (8891 turns).

avis the Skirmisher (Demigod Hunter)                Turns: 8891, Time: 00:56:40

Health: -7/92      AC:  9    Str: 12    XL:     11   Next: 5%
Magic:  17/17      EV: 18    Int: 17    God:
Gold:   479        SH:  0    Dex: 29    Spells: 12/14 levels left

rFire   . . .      SeeInvis .    b - +2 shortbow (drain)
rCold   . . .      Faith    .    (shield currently unavailable)
rNeg    . . .      Spirit   .    K - +0 steam dragon scales
rPois   .          Reflect  .    d - +0 helmet
rElec   .          Harm     .    (no cloak)
rCorr   .          Rampage  .    l - +2 pair of gloves
Will    +....                    (no boots)
Stlth   +++                      (no amulet)
HPRegen 0.35/turn                B - +6 ring of intelligence
MPRegen 0.15/turn                (no ring)

@: lethally poisoned (-7 -> -11), hasted, very quick
A: high MP 1, forlorn, divine attributes
a: no special abilities


You were on level 9 of the Dungeon.
You visited 2 branches of the dungeon, and saw 10 of its levels.
You also visited: Sewer.

You collected 479 gold pieces.

Inventory:

Hand Weapons
 a - a +3 scimitar of flaming
 b - a +2 shortbow of draining (weapon)
 c - the +7 dagger of Grace {pain, Str+3 Int+3 Dex+3}
   (You found it on level 7 of the Dungeon)

   Str:       It affects your strength (+3).
   Int:       It affects your intelligence (+3).
   Dex:       It affects your dexterity (+3).
 g - a +2 heavy spear
 o - a +3 battleaxe of freezing
 w - a +4 great sword of freezing
 y - a +2 dire flail
 z - a +4 flail
 F - a +4 mace
 Y - a +5 long sword
Missiles
 m - 26 poisoned darts
 M - 4 throwing nets
Armour
 d - a +0 helmet (worn)
 k - a +1 robe of positive energy
 l - a +2 pair of gloves (worn)
 K - +0 steam dragon scales (worn)
Jewellery
 B - a +6 ring of intelligence (left hand)
Wands
 p - a wand of polymorph (6)
 C - a wand of mindburst (11)
 G - a wand of charming (5)
 J - a wand of light (6)
Scrolls
 e - 8 scrolls of teleportation {unknown}
 f - a scroll of magic mapping {unknown}
 h - 2 scrolls of immolation
 i - 2 scrolls of torment {unknown}
 n - a scroll of poison {unknown}
 r - a scroll of amnesia {unknown}
 s - a scroll of fog {unknown}
 u - a scroll of acquirement {unknown}
 x - a scroll of brand weapon {unknown}
 A - 3 scrolls of fear {unknown}
 I - a scroll of butterflies {unknown}
 T - 2 scrolls of enchant weapon {unknown}
 U - 3 scrolls of enchant armour {unknown}
Potions
 j - 4 potions of brilliance
 t - 2 potions of might
 v - a potion of lignification
 E - a potion of cancellation
 S - 2 potions of magic


   Skills:
 - Level 7.0 Fighting
 * Level 13.1 Ranged Weapons
 - Level 6.0 Dodging
 - Level 2.0 Stealth
 - Level 2.0 Spellcasting
 - Level 4.0 Translocations


You had 12 spell levels left.
You knew the following spells:

 Your Spells              Type           Power      Damage    Failure   Level
b - Blink                 Tloc           30%        N/A       5%          2

Your spell library contained the following spells:

 Spells                   Type           Power      Damage    Failure   Level
 Foxfire                  Conj/Fire      4%         2x1d4     19%         1
 Necrotise                Necr           4%         1d4       19%         1
 Sting                    Tmut/Pois      4%         1d3       19%         1
 Summon Small Mammal      Summ           4%         N/A       19%         1
 Poisonous Vapours        Pois/Air       2%         N/A       28%         2
 Manifold Assault         Tloc           15%        N/A       36%         4
 Call Canine Familiar     Summ           1%         N/A       50%         3
 Summon Guardian Golem    Hex/Summ       1%         N/A       50%         3
 Vampiric Draining        Necr           1%         2d6       50%         3
 Olgreb's Toxic Radiance  Pois           1%         N/A       88%         4
 Agony                    Necr           1%         N/A       99%         5
 Fireball                 Conj/Fire      0%         3d3       99%         5
 Starburst                Conj/Fire      0%         6d3       100%        6
 Storm Form               Tmut/Air       0%         N/A       100%        7


Dungeon Overview and Level Annotations

Branches:
Dungeon (9/15)             Temple (1/1) D:4           Sewer (visited)
   Lair: D:8-11         Orc: D:9-12

Annotations:
D:9 3 runed translucent doors, superbruh's ghost, novice HOFi


Innate Abilities, Weirdness & Mutations

You have an increased reservoir of magic. (+10% MP)
You shall have no god before yourself.
Your divine heritage dramatically boosts your attributes as you level up.


Message History

The killer bee completely misses you.
The queen bee calls on the killer bee to defend it!
The killer bee goes berserk!
You feel much better.
You feel sick. The killer bee stings you. The killer bee misses you.
The killer bee completely misses you. The killer bee barely misses you.
The killer bee attacks as you move away!
The killer bee barely misses you.
The killer bee rages.
The killer bee stings you but does no damage.
The queen bee misses you.
The killer bee attacks as you move away!
The killer bee stings you.
You feel sick.
You are no longer poisoned.
The killer bee closely misses you. The killer bee barely misses you.
The killer bee rages.
The killer bee misses you. x2
You hear an angry buzzing noise.
The killer bee stings you but does no damage.
The killer bee misses you.
You hear an angry buzzing noise.
The killer bee stings you!
* * * LOW HITPOINT WARNING * * *
You are poisoned.
The killer bee poisons you! The killer bee closely misses you. x2
You feel sick. The killer bee stings you.
* * * LOW HITPOINT WARNING * * *
The killer bee stings you.
* * * LOW HITPOINT WARNING * * *
The killer bee attacks as you move away!
The killer bee stings you!
* * * LOW HITPOINT WARNING * * *
You feel sick. The killer bee barely misses you. The killer bee misses you. x2
There is a stone staircase leading up here.
* * * LOW HITPOINT WARNING * * *
You feel sick. The killer bee closely misses you.
The killer bee completely misses you. The killer bee closely misses you.
The killer bee stings you but does no damage.
The killer bee stings you!
You die...

########†###
#..........#
#......y..#
#.........#
##...y.....#
#..y.y.....#
#.yy.......#
#.yy.......#
##
#.@y.......#
#.
#..........#
#.
#..........#
#.
#.^........#
#.
#########'##
##. ##..#
#.. #..##
#.#
#########
####.##
###'#
#.......#
#....# #....


You could see a queen bee (drained) and 8 killer bees.

Vanquished Creatures
  Erica (D:8)
  A two-headed ogre (D:7)
  Maggie (D:5)
  A troll (D:7)
  Prince Ribbit (D:5)
  Grinder (D:5)
  Sigmund (D:5)
  12 yaks (D:8)
  4 wyverns
  A wraith (D:9)
  A water moccasin (D:6)
  2 black bears
  An orc warrior (D:7)
  Pargi (Sewer)
  4 ice beasts
  A sky beast (D:5)
  2 ogres (D:5)
  6 phantoms
  5 centaurs
  3 kobold brigands
  A bullfrog (D:8)
  A gnoll sergeant (D:7)
  4 scorpions
  A wyvern skeleton (D:7)
  9 wights
  14 killer bees
  5 howler monkeys (D:7)
  3 hounds
  2 jellies
  7 orc priests
  A centaur skeleton (D:7)
  3 gnoll boudas
  3 iguanas
  5 orc wizards
  A spectral killer bee (D:7)
  A centaur simulacrum (D:7)
  26 gnolls
  10 adders
  3 shadow imps
  3 dart slugs
  17 orcs
  11 ball pythons
  3 endoplasms
  4 giant cockroaches
  6 goblins
  8 hobgoblins
  3 jackals (D:3)
  25 kobolds
  A quokka (D:1)
  2 bats (D:2)
  3 frilled lizards
  3 rats
239 creatures vanquished.

Vanquished Creatures (others)
  An orc wizard (D:6)
  21 withered plants (D:7)
22 creatures vanquished.

Grand Total: 261 creatures vanquished

Notes
Turn   | Place    | Note
-------+----------+-------------------------------------------
     0 | D:1      | avis the Demigod Hunter began the quest for the Orb.
     0 | D:1      | Reached XP level 1. HP: 17/17 MP: 3/3
   200 | D:1      | Reached skill level 4 in Ranged Weapons
   200 | D:1      | Reached XP level 2. HP: 17/24 MP: 4/4
  1002 | D:2      | Reached XP level 3. HP: 16/30 MP: 5/5
  1295 | D:2      | Reached XP level 4. HP: 38/38 MP: 6/6
  1864 | D:3      | Reached skill level 5 in Ranged Weapons
  2496 | D:4      | Reached XP level 5. HP: 45/45 MP: 7/7
  2615 | D:4      | Reached skill level 6 in Ranged Weapons
  2670 | D:4      | Reached XP level 6. HP: 31/51 MP: 8/8
  2747 | D:4      | Found a staircase to the Ecumenical Temple.
  3060 | D:4      | Reached XP level 7. HP: 50/59 MP: 9/9
  3087 | D:4      | Reached skill level 7 in Ranged Weapons
  3366 | Temple   | Entered the Ecumenical Temple
  3366 | Temple   | Found a transporter.
  3366 | Temple   | Found a transporter.
  3368 | Temple   | Found a transporter.
  3368 | Temple   | Found a transporter.
  3421 | D:5      | Entered Level 5 of the Dungeon
  3422 | D:5      | Noticed Prince Ribbit
  3424 | D:5      | Noticed Sigmund
  3430 | D:5      | Noticed Grinder
  3552 | D:5      | Reached skill level 8 in Ranged Weapons
  3568 | D:5      | Found a glowing drain.
  3587 | Sewer    | Entered a sewer
  3871 | Sewer    | Noticed Pargi
  3884 | Sewer    | Killed Pargi
  3946 | D:5      | Reached XP level 8. HP: 56/67 MP: 10/10
  3973 | D:5      | Reached skill level 5 in Fighting
  3996 | D:5      | Learned a level 2 spell: Blink
  4021 | D:5      | Killed Prince Ribbit
  4109 | D:5      | Paralysed by Grinder for 2 turns
  4113 | D:5      | Killed Grinder
  4114 | D:5      | Reached skill level 9 in Ranged Weapons
  4505 | D:5      | Killed Sigmund
  4637 | D:6      | Reached skill level 10 in Ranged Weapons
  4901 | D:6      | Reached skill level 5 in Dodging
  4901 | D:6      | Reached XP level 9. HP: 74/74 MP: 11/11
  4902 | D:6      | Reached skill level 1 in Stealth
  4922 | D:6      | Noticed Maggie
  4955 | D:5      | Reached skill level 1 in Spellcasting
  4989 | D:5      | Reached skill level 1 in Translocations
  5015 | D:5      | Killed Maggie
  5492 | D:6      | Noticed an angel
  5492 | D:6      | Noticed a cacodemon
  6111 | D:7      | Reached skill level 11 in Ranged Weapons
  6671 | D:7      | Identified the +7 dagger of Grace {pain, Str+3 Int+3 Dex+3}
  6722 | D:7      | Noticed a two-headed ogre
  6733 | D:7      | Killed a two-headed ogre
  6734 | D:7      | Reached skill level 12 in Ranged Weapons
  6734 | D:7      | Reached XP level 10. HP: 83/83 MP: 14/14
  7545 | D:8      | Noticed Erica
  7558 | D:8      | Killed Erica
  8703 | D:9      | Found a runed translucent gate.
  8703 | D:9      | Found a runed translucent gate.
  8703 | D:9      | Found a runed translucent gate.
  8703 | D:9      | Noticed superbruh's ghost (novice HOFi)
  8770 | D:9      | Upgraded the game from 0.30-a0-760-g5a9884bb7c to
                  | 0.30-a0-772-g5528072125
  8804 | D:9      | Reached XP level 11. HP: 92/92 MP: 17/17
  8850 | D:9      | Reached skill level 13 in Ranged Weapons
  8891 | D:9      | Mangled by a killer bee

Illustrated notes

Levels and vault maps discovered:
D:1:      amcnicky_arrival_choice, layout_basic, minmay_misc_feat_roman
D:2:      layout_loops_ring
D:3:      layout_basic, lemuel_round_altar
D:4:      layout_loops_ring, minmay_temple_entry_junction_2
D:5:      layout_rooms, mainiacjoe_overflow_alcove_2, portal_sewer_entry_d,
          uniq_grinder, uniq_sigmund, uniq_prince_ribbit1
D:6:      layout_layer_cave, grunt_temple_overflow_order_and_chaos_2,
          grunt_temple_overflow_open, kennysheep_generic_room_5, uniq_maggie
D:7:      layout_basic, dilly_guarded_unrand_morg
D:8:      layout_loops_ring, uniq_erica
D:9:      layout_roguey [special_room_bee], david_orc_1_choice,
          gammafunk_ghost_nasty_kobolds, eino_small_chamber_without_monster,
          st_stairs_5
Temple:   hellmonk_temple_divided_pantheon

Skill      XL: |  1  2  3  4  5  6  7  8  9 10 11 |
---------------+----------------------------------+-----
Fighting       | 2 3 4 5 6 7 |  7.0
Ranged Weapons | 4 5 6 8 10 12 13 | 13.1
Dodging        | 2 3 4 5 6 |  6.0
Stealth        | 1 2 |  2.0
Spellcasting   | 1 2 |  2.0
Translocations | 2 4 |  4.0

Action                     |  1- 3 |  4- 6 |  7- 9 | 10-12 || total
---------------------------+-------+-------+-------+-------++-------
  Melee: Short sword       |       |       |    36 |       ||    36
         Punch             |       |       |     1 |       ||     1
   Fire: Shortbow          |   101 |    40 |   102 |   221 ||   464
         Sling             |       |   101 |   378 |       ||   479
    Use: Scroll            |       |       |     8 |       ||     8
         Potion            |       |       |     3 |     6 ||     9
 Armour: Leather armour    |    21 |    35 |    47 |       ||   103
         Troll leather arm |       |       |    30 |       ||    30
         Steam dragon scal |       |       |    15 |    32 ||    47
  Dodge: Dodged            |    37 |    41 |   229 |   215 ||   522

Table legend: (Time is in decaauts)
 A = Elapsed time spent in this place.
 B = Non-inter-level travel time spent in this place.
 C = Inter-level travel time spent in this place.
 D = Time resting spent in this place.
 E = Time spent auto-exploring this place.
 F = Levels seen in this place.
 G = Mean time per level.
                   A        B        C        D        E       F      G
               +--------+--------+--------+--------+--------+-----+--------+
         Total |   8918 |   7820 |   1098 |   1498 |   3969 |  11 |  810.7 |
       Dungeon |   8491 |   7395 |   1096 |   1312 |   3969 |   9 |  943.4 |
        Temple |     88 |     86 |      2 |     24 |      0 |   1 |   88.0 |
         Sewer |    337 |    337 |      0 |    161 |      0 |   1 |  337.0 |
               +--------+--------+--------+--------+--------+-----+--------+

Top non-repeatable levels by time:
     D:8: 1433 daAuts
     D:6: 1393 daAuts
     D:4: 1047 daAuts
     D:7: 934 daAuts
     D:2: 901 daAuts
     D:5: 839 daAuts
     D:3: 808 daAuts
     D:1: 797 daAuts
   Sewer: 337 daAuts
     D:9: 336 daAuts
  Temple: 88 daAuts
